 Dungeon Crawl Stone Soup version 0.17.1-1-g73c8601 (webtiles) character file.

607869 HateBoner the Hoplite (level 26, -2/253 HPs)
             Began as a Minotaur Fighter on Feb 22, 2016.
             Was a High Priest of Okawaru.
             Slain by an Ice Fiend (17 damage)
             ... created by the effects of Hell
             ... on level 7 of Cocytus on Feb 24, 2016.
             The game lasted 02:55:03 (52403 turns).

HateBoner the Hoplite (Minotaur Fighter)           Turns: 52403, Time: 02:55:03

Health: -2/253     AC: 38    Str: 30    XL:     26   Next: 15%
Magic:  22/24      EV: 32    Int:  9    God:    Okawaru [*****.]
Gold:   2023       SH: 29    Dex: 23    Spells: 0 memorised, 25 levels left

rFire  + . .     SeeInvis .     t - +9 war axe of Might {drain, +Blink rC+ MR+}
rCold  + + .     Clarity  .     W - +5 chain mail {rF+}
rNeg   + + +     SustAt   .     o - +0 large shield {AC+3}
rPois  +         Gourm    .     C - +1 hat "Xoake" {MR- Str+3 Dex+11}
rElec  .         Spirit   .     i - +2 cloak {+Inv}
rCorr  .         Warding  .     a - +1 pair of gloves of Music {rC+}
rMut   .         Stasis   .     y - +2 pair of boots of Beogh's Envy {*Corrode rN++ Slay+4 Stlth+}
MR     ++...                    l - amulet of regeneration
Stlth  +.........               s - ring of flight
                                D - ring of Zelu {rPois rN+ MR+ Int+4}

@: heroism, very resistant to hostile enchantments, very unstealthy
A: retaliatory headbutt, horns 2, clumsy 1, low mp 1, mutation resistance 1,
weak 1, subdued magic 1
a: Heroism, Finesse, Renounce Religion, Evoke Blink, Evoke Invisibility, Evoke
Flight
}: 4/15 runes: serpentine, barnacled, slimy, bone


You were on level 7 of Cocytus.
You worshipped Okawaru.
Okawaru was extremely pleased with you.
You were very full.

You visited 11 branches of the dungeon, and saw 64 of its levels.
You visited 1 bazaar.
You also visited: Labyrinth, Bailey, Ice Cave and Volcano.

You collected 7924 gold pieces.
You spent 5901 gold pieces at shops.

Inventory:

Hand Weapons
 t - the +9 war axe of Might (weapon) {drain, +Blink rC+ MR+}
   (Okawaru gifted it to you in a labyrinth)

   A truly terrible weapon, it drains the life of those it strikes.
   It protects you from cold.
   It affects your resistance to hostile enchantments.
   It lets you blink.
Armour
 a - the +1 pair of gloves of Music (worn) {rC+}
   (Okawaru gifted it to you on level 10 of the Dungeon)

   It protects you from cold.
 i - a +2 cloak of invisibility (worn)
 j - a +2 pair of boots
 o - a +0 large shield of protection (worn)
 r - the +1 hat "Rowepioze" {-Cast rN+ Regen+ Str+3}
   (Okawaru gifted it to you on level 7 of the Lair of Beasts)

   It affects your strength (+3).
   It protects you from negative energy.
   It prevents spellcasting.
   It increases your rate of regeneration.
 y - the +2 pair of boots of Beogh's Envy (worn) {*Corrode rN++ Slay+4 Stlth+}
   (You acquired it on level 2 of the Shoals)

   It affects your accuracy and damage with ranged weapons and melee attacks
   (+4).
   It greatly protects you from negative energy.
   It may corrode your equipment when you take damage.
   It makes you more stealthy.
 C - the +1 hat "Xoake" (worn) {MR- Str+3 Dex+11}
   (Okawaru gifted it to you on level 4 of the Snake Pit)

   It affects your strength (+3).
   It affects your dexterity (+11).
   It affects your resistance to hostile enchantments.
 P - the +1 pair of gloves "Folanes" {+Blink MR+ Int+3}
   (Okawaru gifted it to you on level 2 of the Depths)

   It affects your intelligence (+3).
   It affects your resistance to hostile enchantments.
   It lets you blink.
 W - a +5 chain mail of fire resistance (worn)
 Z - the +1 pair of gloves of Tiluun {rElec}
   (You acquired it on level 2 of the Shoals)

   It insulates you from electricity.
Jewellery
 d - the ring of Xom's Generosity {Ice *Drain rElec Str+3}
   (You took it off Ereshkigal on level 7 of Tartarus)

   [ring of ice]

   It enhances your ice magic, and weakens your fire magic.
   It affects your strength (+3).
   It makes you vulnerable to fire.
   It protects you from cold.
   It insulates you from electricity.
   It causes draining when unequipped.
 l - an amulet of regeneration (around neck)
 p - an uncursed amulet of resist mutation
 s - a ring of flight (right hand)
 B - an uncursed ring of protection from fire
 D - the ring of Zelu (left hand) {rPois rN+ MR+ Int+4}
   (You bought it in a shop on level 4 of the Orcish Mines)

   [ring of protection from magic]

   It affects your intelligence (+4).
   It protects you from poison.
   It protects you from negative energy.
   It affects your resistance to hostile enchantments.
 G - an uncursed amulet of resist corrosion
 J - an uncursed amulet of warding
 K - an uncursed ring of protection from magic
 U - a +6 ring of protection
 V - an uncursed ring of see invisible
 X - an uncursed ring of sustain attributes
Wands
 b - a wand of fire (1)
 x - a wand of teleportation (6)
 I - a wand of disintegration (12)
 L - a wand of digging (7)
 M - a wand of cold (7)
Scrolls
 c - a scroll of magic mapping
 f - a scroll of brand weapon
 h - a scroll of identify
 k - 11 scrolls of teleportation
 v - a scroll of holy word
 w - 19 scrolls of remove curse
 z - 9 scrolls of fog
 A - 5 scrolls of recharging
 F - 8 scrolls of fear
 R - 3 scrolls of enchant weapon
Potions
 g - 4 potions of brilliance
 n - 3 potions of cancellation
 q - 7 potions of curing
 E - a potion of flight
 H - 6 potions of berserk rage
 N - 5 potions of lignification
 Q - a potion of cure mutation
 T - 6 potions of ambrosia
Comestibles
 e - 15 bread rations
 m - 14 meat rations


   Skills:
 + Level 23.7(27) Fighting
 + Level 23.0(27) Axes
   Level 8.1(22.3) Maces & Flails
 + Level 24.0(27) Armour
 - Level 20.4(25.4) Dodging
 + Level 24.1(27) Shields
 - Level 6.1 Invocations
 - Level 7.0 Evocations


You had 25 spell levels left.
You didn't know any spells.

Dungeon Overview and Level Annotations

Branches:
Dungeon (15/15)            Temple (0/1) D:5            Lair (8/8) D:11
 Shoals (4/4) Lair:6        Snake (4/4) Lair:4        Slime (6/6) Lair:8
    Orc (4/4) D:12            Elf (3/3) Orc:4        Vaults (0/5) D:14
 Depths (5/5) D:15           Hell (1/1)                 Coc (7/7) Hell
    Tar (7/7) Hell            Zot (0/5) Depths:5
    Dis: Hell:1         Geh: Hell:1

Altars:
Cheibriados
Dithmenos
Fedhas
Gozag
Kikubaaqudgha
Makhleb
Nemelex Xobeh
Okawaru
Qazlal
Sif Muna
Trog
Xom
Yredelemnul
Zin
Beogh
Jiyva

Shops:
Orc:3 %   Orc:4 *=(*?   Elf:1 [   Elf:2 [   Shoals:2 *[([   Snake:1 =
Depths:2 *   Depths:5 ([

Portals:
Hell: Depths:1 Depths:2 Depths:3 Depths:4 Depths:5
Abyss: Depths:4
Pandemonium: Depths:3
Ziggurat: Depths:4

Annotations:
D:15 Sonja
Depths:4 2 runed doors
Coc:7 Antaeus


Innate Abilities, Weirdness & Mutations

You reflexively headbutt those who attack you in melee.
You have a pair of horns on your head.
You are clumsy. (Dex -2)
Your magical capacity is low (-10% MP).
You are somewhat resistant to further mutation.
You are weak. (Str -2)
Your spells are a little easier to cast, but a little less powerful.


Message History

The Ice Fiend is moderately wounded.
You hit the ice dragon but do no damage.
The ice dragon is severely wounded.
You slice the blue devil!!
You kill the blue devil!
Okawaru accepts your kill. You block the blizzard demon's attack.
The blizzard demon completely misses you.
You slice the Ice Fiend!! You headbutt the Ice Fiend.
The Ice Fiend is heavily wounded.
You slash the ice dragon!
The ice dragon is almost dead.
You slash the blizzard demon!
You kill the blizzard demon!
Okawaru accepts your kill. You block the ice dragon's attack. x3
The Ice Fiend claws you!
* * * LOW HITPOINT WARNING * * *
The Ice Fiend freezes you! You resist.
You die...

≈≈≈≈≈≈≈≈≈≈≈≈≈≈≈≈≈≈≈≈≈≈≈≈≈≈,,,,≈≈,
≈≈≈≈≈≈≈≈≈≈≈≈≈≈≈≈≈≈≈≈≈≈≈≈≈≈,,≈≈≈≈≈
≈≈≈≈≈≈≈≈≈≈≈≈≈≈≈≈≈≈≈≈≈≈≈≈≈≈≈≈≈≈≈≈≈
≈≈≈≈≈≈≈≈≈≈...[....≈≈≈≈≈≈≈≈≈≈≈≈≈≈≈
≈≈≈≈≈≈≈≈............≈≈≈≈≈≈≈≈≈≈≈≈≈
≈≈≈≈≈≈≈≈...###+###...≈≈≈≈≈≈≈≈≈≈≈≈
≈≈≈≈≈≈≈...##...).##...≈≈≈≈≈≈≈≈≈≈≈
≈≈≈≈≈≈≈..÷#....1..#≈..≈≈≈≈≈≈≈≈≈≈≈
≈≈≈≈≈≈≈...+.∩.∩D@≈'...≈≈≈≈≈≈≈≈≈≈≈
≈≈≈≈≈≈≈...#...)...#...≈≈≈≈≈≈≈≈≈≈≈
≈≈≈≈≈≈≈...##.....##...≈≈≈≈≈≈≈≈≈≈≈
≈≈≈≈≈≈≈≈...###'###,..E≈≈≈≈≈≈≈≈≈≈≈
≈≈≈≈≈≈≈≈.........,,.≈≈≈≈≈≈≈≈≈≈≈≈≈
,,≈≈≈≈≈≈≈≈.........≈≈≈≈≈≈≈≈≈≈≈≈≈≈
,,.≈≈≈≈≈≈≈≈≈≈≈≈≈≈≈≈≈≈≈≈≈≈≈≈≈≈≈≈≈≈
,≈≈≈≈≈≈≈≈≈≈≈≈≈≈≈≈≈≈≈≈≈E.≈≈≈≈≈≈≈≈≈
≈≈≈≈≈≈≈≈≈≈≈≈≈≈≈≈≈≈≈≈≈≈≈≈,,≈≈≈≈≈≈≈


You could see an Ice Fiend and an ice dragon.

Vanquished Creatures
  the royal jelly (Slime:6)
  Ereshkigal (Tar:7)
  the Serpent of Hell (Tar:7)
  Mara (Snake:3)
  A juggernaut (Depths:3)
  3 shard shrikes
  Norris (Snake:3)
  A caustic shrike (Depths:2)
  Geryon (Hell)
  Jory (Depths:4)
  A golden dragon (Depths:3)
  Xtahua (Depths:5)
  3 bone dragons
  4 liches
  Jorgrun (Snake:4)
  3 tentacled monstrosities
  Asterion (Depths:1)
  17 Ice Fiends
  2 deep elf blademasters (Elf:3)
  12 Shadow Fiends
  2 titans
  21 acid blobs
  A deep elf master archer (Elf:3)
  A kraken (Shoals:2)
  Murray (Hell)
  The ghost of babuloseo the Warrior, an adept DsFi of Okawaru (Hell)
  A sphinx (Depths:4)
  Kirke (Shoals:4)
  4 tengu reavers
  3 shadow dragons
  A revenant (Hell)
  Roxanne (D:15)
  3 storm dragons
  Ilsuiw (Shoals:4)
  12 azure jellies
  8 fire giants
  6 greater nagas
  Donald (D:14)
  2 iron dragons
  Maud (D:12)
  A draconian knight (Depths:5)
  10 frost giants
  Louise (D:15)
  2 large abominations (Elf:1)
  6 deep elf sorcerers
  A cacodemon (Hell)
  A spriggan defender (Depths:4)
  18 stone giants
  4 vampire knights
  16 very ugly things
  25 reapers
  4 elemental wellsprings
  4 salamander firebrands (Hell)
  A green draconian (Depths:5)
  9 deep elf demonologists
  2 black draconians (Depths:5)
  6 deep elf annihilators
  A red draconian (Depths:5)
  2 purple draconians (Depths:5)
  2 yellow draconians (Depths:5)
  A mottled draconian (Depths:5)
  6 ettins
  8 death oozes
  3 green deaths
  7 deep elf death magi
  A minotaur (Lab)
  4 quicksilver dragon zombies
  11 fire dragons
  8 merfolk javelineers
  7 blizzard demons
  11 merfolk impalers
  2 spectral krakens (Tar:7)
  7 yaktaur captains
  12 ice dragons
  4 deep elf high priests
  2 kraken zombies
  9 great orbs of eyes
  6 entropy weavers
  16 naga warriors
  3 catoblepae (Lair:8)
  8 hydras
  3 quicksilver dragon skeletons
  7 rakshasas
  2 ghost crabs
  11 anacondas
  5 merfolk avatars
  6 spriggan air magi
  7 ogre magi
  5 centaur warriors
  10 deep troll shamans
  22 death yaks
  6 merfolk aquamancers
  19 dancing weapons (Elf:2)
  9 deep troll earth magi
  3 vampire magi
  20 naga sharpshooters
  5 titan zombies
  Urug (D:10)
  6 hell hogs
  14 soul eaters
  3 tengu warriors
  11 spriggan berserkers
  6 orc high priests
  2 storm dragon zombies (Coc:7)
  Nergalle (Lair:2)
  10 shock serpents
  24 deep elf knights
  5 titan skeletons
  2 sun demons (Hell)
  5 salamander mystics
  3 small abominations (Elf:3)
  9 sea snakes
  16 ice devils
  3 storm dragon skeletons
  29 hell knights
  7 anaconda zombies
  59 skeletal warriors
  28 deep trolls
  5 iron trolls
  2 golden dragon zombies
  A sea snake (shapeshifter) (Depths:4)
  A ghost moth zombie (Coc:7)
  4 wizards
  A death drake (Tar:2)
  3 unseen horrors
  A gelid demonspawn (Depths:3)
  5 giant orange brains
  11 necromancers
  9 shadow demons (Tar:7)
  8 naga ritualists
  6 hill giants
  An orange crystal statue (Depths:2)
  11 deep elf summoners
  4 flayed ghosts
  11 phantasmal warriors
  2 lindwurms (shapeshifter)
  3 golden dragon skeletons
  8 mana vipers
  A wolf spider zombie (Coc:1)
  An orb spider (shapeshifter) (D:15)
  6 manticores
  11 deep elf conjurers
  6 orc knights
  A harpy (shapeshifter) (Elf:1)
  26 ugly things
  3 frost giant zombies
  6 orc sorcerers
  2 stone giant zombies (Coc:6)
  9 harpies
  2 shadow dragon skeletons (Tar:2)
  2 iron dragon zombies
  18 salamanders
  6 cyclopes
  2 shining eyes
  4 fire giant zombies
  6 water nymphs
  2 fauns (Shoals:1)
  2 guardian serpents (shapeshifter)
  A shining eye (shapeshifter) (Depths:3)
  4 guardian serpents
  A frost giant skeleton (Coc:6)
  4 dire elephant zombies
  13 griffons
  2 iron dragon skeletons
  An elephant (shapeshifter) (Depths:2)
  A molten gargoyle (Hell)
  A sixfirhy (Hell)
  15 elephants
  Joseph (D:10)
  4 eyes of devastation
  A rust devil (Hell)
  3 stone giant skeletons
  28 naga magi
  4 ice statues
  12 sirens
  2 gargoyles
  A torpor snail (Lair:5)
  A spiny frog (shapeshifter) (Depths:2)
  8 hellions
  An emperor scorpion zombie (Coc:7)
  3 fire giant skeletons
  24 black mambas
  A dire elephant skeleton (Coc:7)
  7 spiny frogs
  4 spectral swamp worms (Tar:7)
  An orange demon (Hell)
  A shock serpent skeleton (Coc:2)
  A kobold demonologist (D:13)
  12 freezing wraiths
  5 tengu conjurers
  9 tormentors
  2 anaconda simulacra
  8 komodo dragons
  A red devil (Depths:3)
  3 silent spectres
  A fire drake (shapeshifter) (Depths:3)
  3 fire drakes
  5 trolls
  A minotaur zombie (Tar:7)
  6 deep elf priests
  A polar bear (Lair:5)
  15 yaktaurs
  19 blue devils
  23 merfolk
  A wolf spider simulacrum (D:13)
  A polar bear (shapeshifter) (D:15)
  10 hydra zombies
  2 harpy skeletons
  A harpy zombie (Coc:7)
  A queen bee (shapeshifter) (Depths:3)
  A demonic crawler (Hell)
  4 hydra skeletons
  9 two-headed ogres
  64 slime creatures
  8 snapping turtles
  A wind drake (shapeshifter) (D:15)
  2 ice dragon zombies
  3 ettin zombies
  13 wraiths
  9 air elementals
  4 alligator zombies
  16 blink frogs
  2 fire dragon skeletons
  16 humans (D:14)
  30 yaks
  An alligator skeleton (Hell)
  39 flying skulls
  A wyvern (D:9)
  11 redbacks
  A spriggan skeleton (Depths:3)
  2 ice dragon skeletons
  A frost giant simulacrum (Coc:7)
  A spriggan (shapeshifter) (Elf:2)
  15 water elementals
  5 hogs (Shoals:4)
  A basilisk (shapeshifter) (Elf:2)
  2 neqoxecs (Depths:3)
  13 shadows
  2 fire elementals (Hell)
  5 spriggans
  2 tarantellas
  A tarantella (shapeshifter) (D:15)
  5 vampires
  2 dire elephant simulacra (Coc:7)
  18 deep elf magi
  2 fire bats (Depths:1)
  21 wolves
  9 hippogriffs
  2 steam dragons
  7 golden eyes
  3 basilisks
  4 wargs
  A merfolk zombie (Coc:7)
  2 mottled dragons
  Edmund (D:6)
  9 hungry ghosts
  17 deep elf fighters
  6 spiny frog zombies
  20 hell hounds
  51 nagas
  10 water moccasins
  8 spiders (Snake:4)
  A merfolk skeleton (Coc:6)
  38 orc warriors
  2 black bears
  A snapping turtle zombie (Coc:1)
  9 porcupines
  3 sky beasts
  A black bear (shapeshifter) (D:15)
  8 ice beasts
  8 eyes of draining
  27 ogres
  A hydra simulacrum (Hell)
  An alligator simulacrum (Coc:4)
  An ice dragon simulacrum (Coc:7)
  2 phantoms
  3 spiny frog skeletons
  A swamp dragon zombie (Coc:4)
  11 centaurs
  A manticore skeleton (Coc:7)
  11 necrophages
  5 wasps
  7 boggarts
  A swamp dragon skeleton (Coc:2)
  6 big kobolds
  2 brain worms
  Blork the orc (D:4)
  12 crocodiles
  9 gnoll sergeants
  23 giant frogs
  2 wyvern skeletons
  A snapping turtle simulacrum (Tar:6)
  A manticore simulacrum (Coc:7)
  42 wights
  4 scorpions
  An electric eel (D:13)
  20 killer bees
  12 crimson imps
  A giant frog zombie (D:13)
  A centaur zombie (D:6)
  40 orc priests
  3 draconian simulacra (IceCv)
  7 gnoll shamans
  28 jellies
  5 hounds
  4 centaur skeletons
  8 worker ants
  6 iguanas
  A troll simulacrum (IceCv)
  A giant frog skeleton (D:9)
  6 hell rats (Hell)
  18 orc wizards
  23 sheep
  A killer bee zombie (D:8)
  2 centaur simulacra (IceCv)
  A tengu skeleton (Coc:4)
  A human simulacrum (Coc:6)
  A mummy (Coc:1)
  3 naga simulacra (IceCv)
  54 river rats
  9 adders
  24 gnolls
  13 shadow imps
  An ogre simulacrum (IceCv)
  5 white imps
  4 oozes
  2 adder skeletons
  3 adder zombies
  2 worms (D:3)
  186 orcs
  4 bats
  9 giant cockroaches
  3 hobgoblins
  17 kobolds
  5 quokkas
  2 ball pythons
  A giant cockroach zombie (D:5)
  5 giant geckos
  3 giant newts
  5 goblins
  A jackal skeleton (D:8)
  A kobold skeleton (Tar:2)
  An orc zombie (Tar:1)
  A quokka skeleton (D:4)
  2 quokka zombies
  4 rats
  6 crawling corpses
  3 fungi
  9 plants
  5 tentacles
2572 creatures vanquished.

Vanquished Creatures (others)
  A deep elf master archer (Elf:3)
  An eldritch tentacle (Tar:6)
  2 tengu reavers
  A fire giant (Depths:4)
  A deep elf demonologist (Elf:1)
  A merfolk javelineer (Shoals:4)
  A blizzard demon (Coc:7)
  An ice dragon (Depths:5)
  A merfolk aquamancer (Shoals:4)
  2 deep elf knights (Elf:1)
  A swamp worm (shapeshifter) (Depths:2)
  A boggart (Depths:2)
  An orc priest (Elf:1)
  A jelly (D:7)
  A shadow imp (Tar:4)
  2 orcs
  A bush (Lair:1)
  94 eldritch tentacle segments (Tar:6)
  7 fungi
  18 plants
  23 tentacles
  461 tentacle segments
623 creatures vanquished.

Grand Total: 3195 creatures vanquished

Notes
Turn   | Place    | Note
--------------------------------------------------------------
     0 | D:1      | HateBoner the Minotaur Fighter began the quest for the Orb.
     0 | D:1      | Reached XP level 1. HP: 19/19 MP: 0/0
   514 | D:1      | Reached XP level 2. HP: 25/27 MP: 1/1
   825 | D:2      | Found an opulent altar of Gozag.
   895 | D:2      | Found a shadowy altar of Dithmenos.
   991 | D:2      | Found a snail-covered altar of Cheibriados.
   996 | D:2      | Found a shimmering altar of Xom.
   996 | D:2      | Found an iron altar of Okawaru.
   998 | D:2      | Found a burning altar of Makhleb.
   999 | D:2      | Found a deep blue altar of Sif Muna.
  1005 | D:2      | Became a worshipper of Warmaster Okawaru
  1038 | D:2      | Reached skill level 4 in Armour
  1365 | D:3      | Reached XP level 3. HP: 29/33 MP: 2/2
  1455 | D:3      | Found a stormy altar of Qazlal.
  1659 | D:3      | Reached XP level 4. HP: 35/40 MP: 3/3
  2114 | D:4      | Reached * piety under Okawaru
  2114 | D:4      | Reached XP level 5. HP: 44/47 MP: 4/4
  2262 | D:4      | Reached skill level 5 in Armour
  2321 | D:4      | Noticed Blork the orc
  2331 | D:4      | Killed Blork the orc
  2331 | D:4      | Reached skill level 5 in Fighting
  2469 | D:4      | Reached XP level 6. HP: 56/56 MP: 5/5
  2679 | D:4      | Reached skill level 5 in Shields
  3016 | D:5      | Entered Level 5 of the Dungeon
  3020 | D:5      | Reached skill level 1 in Maces & Flails
  3157 | D:5      | Found an ancient bone altar of Kikubaaqudgha.
  3292 | D:5      | Reached skill level 6 in Armour
  3292 | D:5      | Reached XP level 7. HP: 45/61 MP: 6/6
  3293 | D:5      | Reached ** piety under Okawaru
  3427 | D:5      | Found a staircase to the Ecumenical Temple.
  3448 | D:5      | Found a glowing silver altar of Zin.
  3449 | D:5      | Noticed an angel
  3696 | D:5      | Noticed a hill giant
  3720 | D:5      | Killed a hill giant
  3720 | D:5      | Reached skill level 7 in Armour
  3720 | D:5      | Reached XP level 8. HP: 54/71 MP: 5/7
  4000 | D:6      | Reached *** piety under Okawaru
  4005 | D:6      | Reached skill level 5 in Maces & Flails
  4326 | D:6      | Noticed Edmund
  4335 | D:6      | Killed Edmund
  4383 | D:6      | Reached skill level 8 in Armour
  4552 | D:6      | Reached XP level 9. HP: 81/81 MP: 8/8
  5115 | D:7      | Found a flagged portal.
  5249 | Bailey   | Entered a bailey
  5326 | Bailey   | Reached **** piety under Okawaru
  5768 | Bailey   | Reached skill level 9 in Armour
  6154 | D:7      | Found a snail-covered altar of Cheibriados.
  6407 | D:8      | Received a gift from Okawaru
  6443 | D:8      | Reached XP level 10. HP: 91/91 MP: 9/9
  6548 | D:8      | Found a blossoming altar of Fedhas.
  6960 | D:8      | Found a roughly hewn altar of Beogh.
  7127 | D:9      | Reached ***** piety under Okawaru
  7132 | D:9      | Found a basalt altar of Yredelemnul.
  7181 | D:9      | Found a sparkling altar of Nemelex Xobeh.
  7223 | D:9      | You fall through a shaft for 2 floors!
  7271 | D:11     | Reached skill level 5 in Axes
  7363 | D:11     | Reached skill level 10 in Armour
  7365 | D:10     | Entered Level 10 of the Dungeon
  7384 | D:10     | Received a gift from Okawaru
  7384 | D:10     | Reached skill level 10 in Shields
  7441 | D:10     | Got a faintly glowing war axe
  7442 | D:10     | Identified the cursed +2 war axe of Zin's Fury {chop, +Blink rPois rC+++} (You found it on level 10 of the Dungeon)
  7457 | D:10     | Noticed a hill giant
  7466 | D:10     | Killed a hill giant
  7466 | D:10     | Reached skill level 10 in Fighting
  7689 | D:10     | Killed an unseen horror
  7827 | D:10     | Noticed Joseph
  7839 | D:10     | Killed Joseph
  7839 | D:10     | Received a gift from Okawaru
  7847 | D:10     | Got a pair of faintly humming gloves {god gift}
  7858 | D:10     | Identified the +1 pair of gloves of Music {rC+} (Okawaru gifted it to you on level 10 of the Dungeon)
  8018 | D:10     | Noticed Urug
  8036 | D:10     | Reached XP level 11. HP: 73/101 MP: 8/10
  8045 | D:10     | Killed Urug
  8446 | D:10     | Reached skill level 11 in Shields
  9738 | D:11     | Found a staircase to the Lair.
  9801 | Lair:1   | Entered Level 1 of the Lair of Beasts
  9914 | Lair:1   | Noticed a four-headed hydra
  9936 | Lair:1   | Killed a nine-headed hydra
 11000 | Lair:2   | Noticed Nergalle
 11020 | Lair:2   | Killed Nergalle
 11043 | Lair:2   | Reached skill level 12 in Shields
 11882 | Lair:3   | Reached XP level 12. HP: 112/112 MP: 11/11
 12181 | Lair:3   | Received a gift from Okawaru
 12498 | Lair:4   | Reached skill level 1 in Invocations
 12516 | Lair:4   | Noticed a five-headed hydra
 12555 | Lair:4   | Killed an 18-headed hydra
 12589 | Lair:4   | Found a staircase to the Snake Pit.
 12948 | Lair:4   | Reached skill level 10 in Axes
 13349 | Lair:5   | Noticed an eight-headed hydra
 13353 | Lair:5   | Killed an eight-headed hydra
 13452 | Lair:5   | Reached ****** piety under Okawaru
 13452 | Lair:5   | Received a gift from Okawaru
 13590 | Lair:5   | Gained mutation: You are partially covered in thin metallic scales (AC +2). [potion of beneficial mutation]
 13648 | Lair:5   | Noticed an eight-headed hydra
 13654 | Lair:5   | Killed an eight-headed hydra
 13660 | Lair:5   | Reached skill level 13 in Armour
 13887 | Lair:5   | Reached skill level 5 in Invocations
 13887 | Lair:5   | Reached XP level 13. HP: 114/119 MP: 15/15
 14290 | Lair:6   | Found a staircase to the Shoals.
 14359 | Lair:6   | Found a labyrinth entrance.
 14371 | Lab      | Entered a labyrinth
 15086 | Lab      | Received a gift from Okawaru
 15090 | Lab      | Got a jewelled war axe {god gift}
 15091 | Lab      | Identified the +9 war axe of Might {drain, +Blink rC+ MR+} (Okawaru gifted it to you in a labyrinth)
 15094 | Lab      | Got a transparent ring mail
 15105 | Lab      | Identified the +1 ring mail of Decompression {rF- rN+++ MR- Regen+} (You took it off a minotaur in a labyrinth)
 15949 | Lair:7   | Reached skill level 1 in Evocations
 15955 | Lair:7   | Received a gift from Okawaru
 15965 | Lair:7   | Got a polished hat {god gift}
 15971 | Lair:7   | Identified the +1 hat "Rowepioze" {-Cast rN+ Regen+ Str+3} (Okawaru gifted it to you on level 7 of the Lair of Beasts)
 16813 | Lair:8   | Entered Level 8 of the Lair of Beasts
 16982 | Lair:8   | Found a staircase to the Slime Pits.
 17249 | Lair:8   | Reached XP level 14. HP: 130/130 MP: 17/17
 17272 | Lair:8   | Reached skill level 14 in Shields
 17376 | Lair:8   | Reached skill level 5 in Evocations
 17446 | Lair:8   | Received a gift from Okawaru
 17591 | Lair:8   | Got an ancient amber ring
 17592 | Lair:8   | Identified the ring "Hycid" {+/*Tele Str+2 Slay+3 Stlth+} (You found it on level 8 of the Lair of Beasts)
 18344 | D:12     | Noticed Maud
 18353 | D:12     | Killed Maud
 18534 | D:12     | Found a staircase to the Orcish Mines.
 18761 | D:12     | Noticed a hill giant
 18766 | D:12     | Killed a hill giant
 19434 | D:13     | Reached skill level 1 in Dodging
 19620 | D:13     | Lost mutation: You are partially covered in thin metallic scales (AC +2). [potion of cure mutation]
 19686 | D:13     | Found a frozen archway.
 19703 | IceCv    | Entered an ice cave
 19964 | IceCv    | Reached skill level 5 in Dodging
 19965 | IceCv    | Received a gift from Okawaru
 20020 | IceCv    | Got a translucent plate armour
 20021 | IceCv    | Identified the cursed +1 plate armour of Valiance {*Confuse +Fly rCorr Int+3} (You found it in an ice cave)
 20609 | D:14     | Found a gate to the Vaults.
 20609 | D:14     | Noticed Donald
 20621 | D:14     | Reached XP level 15. HP: 115/138 MP: 12/19
 20632 | D:14     | Killed Donald
 21224 | Orc:1    | Entered Level 1 of the Orcish Mines
 21257 | Orc:1    | Found a bloodstained altar of Trog.
 21568 | Orc:2    | Found a bloodstained altar of Trog.
 21892 | Orc:2    | Found a dark tunnel.
 21902 | Volcano  | Entered a volcano
 22139 | Orc:3    | Found Veceripny's Food Emporium.
 22779 | Orc:4    | Entered Level 4 of the Orcish Mines
 22810 | Orc:4    | Found Uqanog's Magic Scroll Emporium.
 22827 | Orc:4    | Found a staircase to the Elven Halls.
 22840 | Orc:4    | Gained mutation: Your magical capacity is low (-10% MP). [a neqoxec]
 22882 | Orc:4    | Bought a scroll of blinking for 112 gold pieces
 22882 | Orc:4    | Bought a scroll of magic mapping for 52 gold pieces
 22882 | Orc:4    | Bought a scroll of identify for 30 gold pieces
 22882 | Orc:4    | Bought a scroll of identify for 30 gold pieces
 22882 | Orc:4    | Bought a scroll of identify for 30 gold pieces
 22882 | Orc:4    | Bought a scroll of magic mapping for 52 gold pieces
 23488 | Orc:4    | Reached skill level 10 in Dodging
 23752 | Orc:4    | Received a gift from Okawaru
 23761 | Orc:4    | Found Abloroock's General Store.
 23761 | Orc:4    | Found Joboucev's General Store.
 23762 | Orc:4    | Found Uxzimi's Weapon Shop.
 23762 | Orc:4    | Found Xisifire's Jewellery Boutique.
 23770 | Orc:4    | Bought 2 potions of haste for 320 gold pieces
 23770 | Orc:4    | Bought a potion of might for 64 gold pieces
 23772 | Orc:4    | Bought the ring of Zelu {rPois rN+ MR+ Int+4} for 634 gold pieces
 23785 | Orc:4    | Bought a potion of curing for 48 gold pieces
 23945 | Elf:1    | Entered Level 1 of the Elven Halls
 24286 | Elf:1    | Received a gift from Okawaru
 24581 | Elf:1    | Noticed a Shadow Fiend
 24593 | Elf:1    | Reached XP level 16. HP: 84/146 MP: 12/18
 24820 | Elf:1    | Found Vudwiur's Antique Armour Shoppe.
 25297 | Elf:2    | Found Pesukuv's Antique Armour Boutique.
 25392 | Elf:2    | Reached skill level 15 in Dodging
 25429 | Elf:2    | Got a pitted scale mail
 25430 | Elf:2    | Identified the +1 scale mail of Zyidghyfoe {rC- Str+4 Dex+3} (You found it on level 2 of the Elven Halls)
 25510 | Elf:2    | Found a huge runed gate.
 25510 | Elf:2    | Found a huge runed gate.
 25511 | Elf:2    | Found a huge runed gate.
 25512 | Elf:2    | Found a huge runed gate.
 25518 | Elf:2    | Found a huge runed gate.
 25755 | Elf:2    | Reached skill level 16 in Dodging
 26237 | Elf:2    | Received a gift from Okawaru
 26295 | Elf:3    | Entered Level 3 of the Elven Halls
 26326 | Elf:3    | Noticed a deep elf master archer
 26326 | Elf:3    | Noticed a deep elf blademaster
 26353 | Elf:3    | Killed a deep elf blademaster
 26353 | Elf:3    | Reached skill level 17 in Dodging
 26356 | Elf:3    | Noticed a deep elf blademaster
 26358 | Elf:3    | Killed a deep elf master archer
 26372 | Elf:3    | Killed a deep elf blademaster
 26375 | Elf:3    | Noticed a deep elf master archer
 26384 | Elf:3    | Reached skill level 18 in Dodging
 26395 | Elf:3    | Reached XP level 17. HP: 83/152 MP: 16/19
 26399 | Elf:3    | Killed a deep elf master archer
 26401 | Elf:3    | Received a gift from Okawaru
 26438 | Elf:3    | Reached skill level 19 in Dodging
 26661 | Elf:3    | Identified the Grimoire of Twisted Ice
 26687 | Elf:3    | Identified Adog's Papyrus of Displaced Transmutation
 26770 | Elf:3    | Got a sparkling silver ring
 26822 | Elf:3    | Identified the Almanac of Calling
 26828 | Elf:3    | Got a crude lead ring
 26830 | Elf:3    | Identified the ring "Fumuenef" {*Corrode rF+ Int+5 Dex+4 SInv} (You took it off a deep elf summoner on level 3 of the Elven Halls)
 26831 | Elf:3    | Identified the ring of the Messenger {rPois Dex+3} (You found it on level 3 of the Elven Halls)
 26851 | Elf:3    | Identified the Handbook of Dislocation
 26861 | Elf:3    | Got an encrusted plate armour
 26862 | Elf:3    | Identified the +4 plate armour "Haniubb" {Str+2} (You found it on level 3 of the Elven Halls)
 27816 | Snake:1  | Entered Level 1 of the Snake Pit
 28139 | Snake:1  | Found Diluroir's Jewellery Shop.
 28156 | Snake:1  | Bought an uncursed ring of see invisible for 240 gold pieces
 28592 | Snake:2  | Received a gift from Okawaru
 28643 | Snake:2  | Reached skill level 20 in Dodging
 28820 | Snake:2  | Found an ancient bone altar of Kikubaaqudgha.
 28894 | Snake:2  | Identified Narchemir's Collected Works on Spatial Self-Improvement (You found it on level 2 of the Snake Pit)
 29964 | Snake:3  | Noticed Mara
 29975 | Snake:3  | Noticed HateBoner's illusion
 30039 | Snake:3  | Killed Mara
 30039 | Snake:3  | Reached XP level 18. HP: 57/161 MP: 18/19
 30205 | Snake:3  | Reached skill level 15 in Shields
 30324 | Snake:3  | Reached skill level 15 in Armour
 30347 | Snake:3  | Noticed Norris
 30376 | Snake:3  | Killed Norris
 30376 | Snake:3  | Received a gift from Okawaru
 30665 | Snake:4  | Entered Level 4 of the Snake Pit
 30681 | Snake:4  | Reached skill level 15 in Fighting
 30831 | Snake:4  | Received a gift from Okawaru
 31018 | Snake:4  | Received a gift from Okawaru
 31049 | Snake:4  | Got a brightly glowing hat {god gift}
 31050 | Snake:4  | Identified the +1 hat "Xoake" {MR- Str+3 Dex+11} (Okawaru gifted it to you on level 4 of the Snake Pit)
 31519 | Snake:4  | Got a serpentine rune of Zot
 31524 | Snake:4  | Noticed Jorgrun
 31911 | Snake:4  | Killed Jorgrun
 32288 | Lair:3   | Reached XP level 19. HP: 172/172 MP: 20/20
 32938 | D:15     | Entered Level 15 of the Dungeon
 33091 | D:15     | Noticed Roxanne
 33114 | D:15     | Killed Roxanne
 33116 | D:15     | Identified Roxanne's Grimoire of Mutagenic Earth (You took it off Roxanne on level 15 of the Dungeon)
 33220 | D:15     | Noticed Sonja
 33317 | D:15     | Noticed Louise
 33326 | D:15     | Killed Louise
 33499 | D:15     | Found a staircase to the Depths.
 33766 | Depths:1 | Entered Level 1 of the Depths
 33966 | Depths:1 | Noticed Asterion
 33975 | Depths:1 | Received a gift from Okawaru
 33991 | Depths:1 | Killed Asterion
 34000 | Depths:1 | Reached skill level 15 in Axes
 34277 | Depths:1 | Received a gift from Okawaru
 34385 | Depths:1 | Found a gateway to Hell.
 34554 | Depths:2 | Found Fudyaki's Assorted Antiques.
 34561 | Depths:2 | Bought a potion of curing for 135 gold pieces
 34803 | Depths:2 | Paralysed by a lich for 7 turns
 35323 | Depths:2 | Noticed a caustic shrike
 35339 | Depths:2 | Killed a caustic shrike
 35486 | Depths:2 | Reached XP level 20. HP: 94/184 MP: 21/21
 35532 | Depths:2 | Received a gift from Okawaru
 35535 | Depths:2 | Got a pair of crude gloves {god gift}
 35536 | Depths:2 | Identified the +1 pair of gloves "Folanes" {+Blink MR+ Int+3} (Okawaru gifted it to you on level 2 of the Depths)
 35804 | Depths:2 | Noticed a lich
 35817 | Depths:2 | Killed a lich
 36982 | Depths:3 | Received a gift from Okawaru
 37266 | Depths:3 | Noticed a juggernaut
 37285 | Depths:3 | Killed a juggernaut
 37431 | Depths:3 | Noticed a golden dragon
 37441 | Depths:3 | Killed a golden dragon
 37449 | Depths:3 | Killed a ghostly golden dragon
 37639 | Depths:3 | Reached XP level 21. HP: 172/194 MP: 22/22
 37723 | Depths:3 | Received a gift from Okawaru
 38444 | Depths:3 | Found a one-way gate leading to the halls of Pandemonium.
 38457 | Depths:3 | Received a gift from Okawaru
 39075 | Depths:4 | Found a gateway to a ziggurat.
 39130 | Depths:4 | Noticed Jory
 39166 | Depths:4 | Killed Jory
 39453 | Depths:4 | Found a one-way gate to the infinite horrors of the Abyss.
 39587 | Depths:4 | Found a large runed door.
 39740 | Depths:4 | Found a large runed door.
 39744 | Depths:4 | Found a large runed door.
 39761 | Depths:4 | Found a large runed door.
 39765 | Depths:4 | Found a large runed door.
 39779 | Depths:4 | Found a large runed door.
 39785 | Depths:4 | Found a large runed door.
 39813 | Depths:4 | Found a large runed door.
 39816 | Depths:4 | Identified the Volume of Clay
 40024 | Depths:4 | Received a gift from Okawaru
 40113 | Depths:5 | Entered Level 5 of the Depths
 40113 | Depths:5 | Noticed Xtahua
 40283 | Depths:5 | Killed Xtahua
 40283 | Depths:5 | Reached XP level 22. HP: 163/206 MP: 14/23
 40285 | Depths:5 | Received a gift from Okawaru
 40294 | Depths:5 | Received a gift from Okawaru
 40347 | Depths:5 | Gained mutation: Your spells are a little easier to cast, but a little less powerful. [mutagenic glow]
 40393 | Depths:5 | Found Gylalemas's Weapon Boutique.
 40430 | Depths:5 | Found a gateway to a bazaar.
 40451 | Bazaar   | Entered a bazaar
 40453 | Bazaar   | Found Xobo's Antique Armour Boutique.
 40457 | Bazaar   | Found Kadeupim's Gadget Boutique.
 40457 | Bazaar   | Found Fugel's General Store.
 40458 | Bazaar   | Found Gaz Ter's Antique Armour Boutique.
 40464 | Bazaar   | Bought a bread ration for 55 gold pieces
 40464 | Bazaar   | Bought a potion of might for 44 gold pieces
 40464 | Bazaar   | Bought a scroll of magic mapping for 38 gold pieces
 40464 | Bazaar   | Bought a slice of pizza for 16 gold pieces
 40478 | Bazaar   | Bought a brightly glowing plate armour for 588 gold pieces
 40478 | Bazaar   | Identified the cursed +1 plate armour of the Realms {-Tele +Inv Dex+3} (You bought it in a shop in a bazaar)
 40573 | Depths:5 | Found Valyn's Antique Armour Emporium.
 40588 | Depths:5 | Bought the +3 robe of Clouds {+Fly rElec} for 826 gold pieces
 40588 | Depths:5 | Bought a jewelled chain mail for 247 gold pieces
 40588 | Depths:5 | Identified the +4 chain mail "Udghuyce" {Dex+3} (You bought it in a shop on level 5 of the Depths)
 41191 | Depths:5 | Found a gate to the Realm of Zot.
 41815 | Shoals:1 | Entered Level 1 of the Shoals
 41864 | Shoals:1 | Received a gift from Okawaru
 41897 | Shoals:1 | Gained mutation: You are somewhat resistant to further mutation. [potion of beneficial mutation]
 42532 | Shoals:2 | Found Siluicai's Armour Shoppe.
 42570 | Shoals:2 | Found Sigholo's Antique Weapon Boutique.
 42690 | Shoals:2 | Identified a scroll of acquirement
 42705 | Shoals:2 | Got a pair of heavily runed boots
 42707 | Shoals:2 | Identified the +2 pair of boots of Beogh's Envy {*Corrode rN++ Slay+4 Stlth+} (You acquired it on level 2 of the Shoals)
 42764 | Shoals:2 | Found Padghumm's Assorted Antiques.
 42775 | Shoals:2 | Bought a scroll of acquirement for 1872 gold pieces
 42775 | Shoals:2 | Bought 2 potions of heal wounds for 360 gold pieces
 42775 | Shoals:2 | Bought a scroll of teleportation for 108 gold pieces
 42788 | Shoals:2 | Got a pair of fine gloves
 42790 | Shoals:2 | Identified the +1 pair of gloves of Tiluun {rElec} (You acquired it on level 2 of the Shoals)
 43015 | Shoals:2 | Found Haucw's Armour Shop.
 43238 | Shoals:4 | Entered Level 4 of the Shoals
 43245 | Shoals:4 | Noticed Kirke
 43262 | Shoals:4 | Killed Kirke
 43519 | Shoals:4 | Received a gift from Okawaru
 43589 | Shoals:4 | Noticed Ilsuiw
 43610 | Shoals:4 | Reached skill level 21 in Shields
 43638 | Shoals:4 | Killed Ilsuiw
 43638 | Shoals:4 | Reached XP level 23. HP: 202/217 MP: 24/24
 43772 | Shoals:4 | Got a barnacled rune of Zot
 44268 | Slime:1  | Entered Level 1 of the Pits of Slime
 44846 | Slime:5  | Received a gift from Okawaru
 44955 | Slime:6  | Entered Level 6 of the Pits of Slime
 45281 | Slime:6  | Found a viscous altar of Jiyva.
 45283 | Slime:6  | Noticed the royal jelly
 45310 | Slime:6  | Killed the royal jelly
 45310 | Slime:6  | Received a gift from Okawaru
 45451 | Slime:6  | Got a slimy rune of Zot
 45473 | Slime:6  | Got a serpentine pewter ring
 45474 | Slime:6  | Identified the ring of Ybrahyig {rElec Str-4 Int+2 Dex+4 Stlth+} (You found it on level 6 of the Pits of Slime)
 46175 | Hell     | Entered the Vestibule of Hell
 46175 | Hell     | Noticed Geryon
 46203 | Hell     | Killed Geryon
 46224 | Hell     | Received a gift from Okawaru
 46265 | Hell     | Got a pitted shield {god gift}
 46266 | Hell     | Identified the +2 shield "Faenn" {rN+ Str+3 Int-2} (Okawaru gifted it to you in the Vestibule of Hell)
 46331 | Hell     | Noticed babuloseo's ghost (adept DsFi)
 46350 | Hell     | Killed babuloseo's ghost
 46760 | Hell     | Found a gateway to the decaying netherworld of Tartarus.
 46778 | Tar:1    | Entered Level 1 of Tartarus
 46883 | Tar:1    | Reached XP level 24. HP: 221/228 MP: 24/24
 47031 | Tar:1    | Reached skill level 22 in Shields
 47935 | Tar:6    | Received a gift from Okawaru
 48596 | Tar:7    | Entered Level 7 of Tartarus
 48793 | Tar:7    | Received a gift from Okawaru
 48881 | Tar:7    | Identified Koocup's Collected Works on the Oath
 48993 | Tar:7    | Noticed the Serpent of Hell
 49015 | Tar:7    | Killed the Serpent of Hell
 49025 | Tar:7    | Noticed Ereshkigal
 49334 | Tar:7    | Reached XP level 25. HP: 240/240 MP: 24/24
 49463 | Tar:7    | Reached skill level 23 in Shields
 49733 | Tar:7    | Killed Ereshkigal
 49735 | Tar:7    | Got a vibrating iron ring
 49736 | Tar:7    | Identified the ring of Xom's Generosity {Ice *Drain rElec Str+3} (You took it off Ereshkigal on level 7 of Tartarus)
 49757 | Tar:7    | Identified the Incunabulum of Flying Augmentations
 49767 | Tar:7    | Got a bone rune of Zot
 50184 | Hell     | Noticed Murray
 50210 | Hell     | Killed Murray
 50234 | Hell     | Found a gateway to the freezing wastes of Cocytus.
 50276 | Coc:1    | Entered Level 1 of Cocytus
 50648 | Coc:3    | Received a gift from Okawaru
 50665 | Coc:3    | Got a fine cloak {god gift}
 50666 | Coc:3    | Identified the +0 cloak "Koorph" {+Inv Int+4 Dex-3} (Okawaru gifted it to you on level 3 of Cocytus)
 51288 | Coc:6    | Gained mutation: You are clumsy. (Dex -2) [mutagenic glow]
 51626 | Coc:7    | Entered Level 7 of Cocytus
 51862 | Coc:7    | Noticed Antaeus
 51968 | Coc:7    | Received a gift from Okawaru
 51995 | Coc:7    | Reached XP level 26. HP: 85/251 MP: 24/24
 51997 | Coc:7    | Gained mutation: You are weak. (Str -2) [mutagenic glow]
 52191 | Coc:7    | Reached skill level 24 in Shields
 52403 | Coc:7    | Slain by an Ice Fiend

Action                   |  1- 3 |  4- 6 |  7- 9 | 10-12 | 13-15 | 16-18 | 19-21 | 22-24 | 25-27 || total
-------------------------+-------+-------+-------+-------+-------+-------+-------+-------+-------++-------
Melee: War axe           |    82 |    60 |       |   580 |  1054 |  1025 |  1482 |  1943 |   908 ||  7134
       Mace              |       |    39 |   385 |    61 |       |       |       |       |       ||   485
       Flail             |       |       |    13 |       |       |       |       |       |       ||    13
Throw: Throwing net      |       |     1 |     4 |     7 |       |     2 |       |       |       ||    14
Invok: Heroism           |       |       |     6 |    10 |    15 |    10 |    22 |    19 |     5 ||    87
       Finesse           |       |       |       |     1 |     2 |     7 |     8 |     4 |     3 ||    25
 Abil: Evoke Invisibilit |       |       |       |       |       |       |     2 |       |       ||     2
       Evoke Flight      |       |       |       |       |       |       |       |       |     1 ||     1
Evoke: Wand              |       |       |       |    22 |    19 |     3 |     6 |    20 |     3 ||    73
  Use: Scroll            |     1 |       |     2 |    33 |    24 |    14 |    10 |    18 |     7 ||   109
       Potion            |       |       |     4 |     3 |     9 |    13 |     8 |    13 |    10 ||    60
 Stab: Held in net/web   |       |       |     1 |     2 |       |       |       |       |       ||     3
       Paralysed         |       |       |       |    13 |     4 |       |       |       |       ||    17
       Petrified         |       |       |       |       |     1 |       |       |       |       ||     1
       Invisible         |       |       |       |       |       |       |    10 |       |       ||    10
       Fleeing           |       |       |       |       |       |       |     1 |       |       ||     1
  Eat: Chunk             |     2 |     6 |     8 |    13 |    13 |     5 |     5 |    10 |       ||    62
       Meat ration       |       |       |     1 |     1 |       |     1 |       |     3 |     1 ||     7
       Fruit             |       |       |       |     3 |    15 |     4 |    23 |    12 |       ||    57
       Beef jerky        |       |       |       |     3 |     1 |     4 |     1 |     2 |       ||    11
       Royal jelly       |       |       |       |     2 |       |       |     2 |     1 |       ||     5
       Pizza             |       |       |       |       |     8 |     3 |       |     2 |       ||    13
       Bread ration      |       |       |       |       |       |     1 |       |     1 |     4 ||     6
